 Dungeon Crawl Stone Soup version 0.29-a0-91-gdebf4667c2 (webtiles) character file.

Game seed: 4857360184322566422

5908 dracfodder the Basher (level 10, -2/67 HPs)
             Began as a Gargoyle Berserker on Feb 8, 2022.
             Was an Elder of Trog.
             Slain by a wyvern (6 damage)
             ... on level 8 of the Dungeon.
             The game lasted 00:28:25 (8519 turns).

dracfodder the Basher (Gargoyle Berserker)          Turns: 8519, Time: 00:28:25

Health: -2/67      AC: 21    Str: 25    XL:     10   Next: 82%
Magic:  10/10      EV: 10    Int:  8    God:    Trog [****..]
Gold:   387        SH:  6    Dex: 11    Spells: 9/9 levels left

rFire   . . .      SeeInvis +   a - +6 whip "Diotok" {vorpal, Dex+2}
rCold   + . .      Faith    .   C - +0 kite shield
rNeg    + . .      Spirit   .   u - +4 scale mail "Yputiacs" {rC+}
rPois   ∞          Reflect  .   (no helmet)
rElec   +          Harm     .   A - +0 cloak {Stlth+}
rCorr   .          Rampage  .   (no gloves)
Will    +++..                   (no boots)
Stlth   +.........              (no amulet)
HPRegen 1.21/turn               r - ring of see invisible
MPRegen 0.12/turn               v - ring of willpower

@: strong-willed, on berserk cooldown, regenerating, slowed, studying Dodging,
very slow
A: sickness immunity, AC +7, negative energy resistance 1, electricity
resistance, torment resistance 1, petrification resistance
a: Renounce Religion, Berserk, Trog's Hand, Brothers in Arms


You were on level 8 of the Dungeon.
You worshipped Trog.
Trog was greatly pleased with you.
You visited 2 branches of the dungeon, and saw 10 of its levels.

You collected 387 gold pieces.

Inventory:

Hand Weapons
 a - the +6 whip "Diotok" (weapon) {vorpal, Dex+2}
   (You found it on level 2 of the Dungeon)

   It inflicts extra damage upon your enemies.
   Dex:       It affects your dexterity (+2).
 b - a +1 war axe of distortion
 d - a +3 spear of freezing
Missiles
 c - 224 stones (quivered)
 e - 12 poisoned darts
 f - 8 boomerangs
 h - 132 arrows
 j - 4 javelins
 n - 24 sling bullets
 s - 63 bolts
 t - 2 curare-tipped darts
 y - 3 throwing nets
Armour
 u - the +4 scale mail "Yputiacs" (worn) {rC+}
   (You found it on level 6 of the Dungeon)

   rC:        It protects you from cold.
 A - a +0 cloak of stealth (worn)
 C - a +0 kite shield (worn)
Jewellery
 r - a ring of see invisible (left hand)
 v - a ring of willpower (right hand)
Wands
 l - a wand of polymorph (9)
Scrolls
 m - 2 scrolls of identify
 p - a scroll of teleportation
 q - a scroll of holy word
 x - a scroll of blinking {unknown}
Potions
 g - 2 potions of lignification
 i - 7 potions of curing
 k - a potion of heal wounds {unknown}
 o - 2 potions of magic {unknown}
 w - a potion of might {unknown}
 z - a potion of berserk rage
 B - a potion of mutation {unknown}


   Skills:
 * Level 9.7 Fighting
 + Level 10.2 Maces & Flails
 + Level 9.2 Armour
 * Level 5.3 Dodging
 + Level 2.1 Stealth


You had 9 spell levels left.
You didn't know any spells.
Your spell library was empty.

Dungeon Overview and Level Annotations

Branches:
Dungeon (9/15)             Temple (1/1) D:4
   Lair: D:8-11         Orc: D:9-12

Altars:
Ashenzari
Cheibriados
Dithmenos
Elyvilon
Fedhas
Gozag
Hepliaklqana
Kikubaaqudgha
Makhleb
Nemelex Xobeh
Okawaru
Qazlal
Ru
Sif Muna
Uskayaw
Vehumet
Wu Jian
Xom
Yredelemnul
Zin
The Shining One

Shops:
D:1 :   D:5 :   D:6 :


Innate Abilities, Weirdness & Mutations

You are immune to sickness and miasma.
Your stone body is resilient. (AC +7)
You are immune to poison.
You resist negative energy. (rN+)
You are resistant to electric shocks. (rElec)
You are resistant to unholy torment.
You are immune to petrification.


Message History

Your skin stops crawling.
You feel less strong-willed.
The bullfrog hits you but does no damage.
The wyvern misses you.
The bullfrog hits you but does no damage.
You block the wyvern's attack.
You hit the bullfrog.
The bullfrog is severely wounded.
The bullfrog hits you. The wyvern bites you! You block the bullfrog's attack.
You barely miss the bullfrog.
The bullfrog is severely wounded.
The wyvern bites you.
The bullfrog hits you but does no damage.
You block the wyvern's attack. The bullfrog closely misses you.
You closely miss the bullfrog.
The bullfrog is severely wounded.
The wyvern bites you! You block the bullfrog's attack.
The wyvern barely misses you. The bullfrog misses you.
You hit the bullfrog.
You kill the bullfrog!
Trog accepts your kill. The wyvern bites you. The wyvern bites you!
* * * LOW HITPOINT WARNING * * *
The wyvern bites you.
* * * LOW HITPOINT WARNING * * *
You block the wyvern's attack.
Unknown command.
Your skin crawls.
You feel strong-willed. The wyvern completely misses you. The wyvern bites you.
* * * LOW HITPOINT WARNING * * *
You whack the wyvern!
The wyvern is heavily wounded.
The wyvern closely misses you.
The wyvern bites you but does no damage.
You hit the wyvern.
The wyvern is severely wounded.
The wyvern bites you!
* * * LOW HITPOINT WARNING * * *
The wyvern bites you.
You die...

# #....)....#####..
# #....##.)##..##..
####..###'#'....#..
##..#'##...##.)..#..
#)...##..)).##..##..
#....#.......##'##..
##..##...8...##..##.
##'##.......#....#.
#@l##.....##..).'.
#....##...##+#..##.
#....+#+### #####.
##..## #. #### ...
#... #... ...


You could see a wyvern.

Vanquished Creatures
  A two-headed ogre (D:8)
  The ghost of bobojojo the Skirmisher, a novice MiFi (D:5)
  The ghost of lunkers the Geomancer, a novice OpEE of Ashenzari (D:6)
  A cyclops (D:8)
  Maggie (D:7)
  The ghost of Zankyou the Magician, a novice DEFE (D:6)
  A shadow (D:5)
  2 wyverns
  A steam dragon (D:7)
  A water moccasin (D:6)
  2 orc warriors
  An ice beast (D:5)
  An ogre (D:5)
  A centaur (D:8)
  4 kobold brigands
  A phantom (D:7)
  2 bullfrogs
  A scorpion (D:5)
  2 gnoll sergeants
  13 wights
  2 electric eels (D:7)
  A centaur zombie (D:7)
  3 jellies (D:8)
  2 bullfrog zombies
  2 centaur skeletons
  Crazy Yiuf (D:7)
  2 bullfrog skeletons
  5 hounds
  4 orc priests
  5 iguanas
  3 orc wizards (D:4)
  A killer bee zombie (D:6)
  A howler monkey zombie (D:8)
  5 gnolls (D:7)
  2 howler monkey skeletons
  12 adders
  2 white imps
  An ufetubus (D:5)
  2 worms
  2 dart slugs
  15 orcs
  6 endoplasms
  A giant cockroach (D:4)
  5 goblins
  5 hobgoblins
  7 jackals
  8 quokkas
  4 ball pythons
  4 bats
  5 frilled lizards
  20 kobolds
  11 rats
188 creatures vanquished.

Vanquished Creatures (others)
  A fungus (D:7)
  8 plants (D:7)
  5 withered plants (D:6)
14 creatures vanquished.

Grand Total: 202 creatures vanquished

Notes
Turn   | Place    | Note
-------+----------+-------------------------------------------
     0 | D:1      | dracfodder the Gargoyle Berserker began the quest for the
                  | Orb.
     0 | D:1      | Reached XP level 1. HP: 14/14 MP: 1/1
   107 | D:2      | Reached XP level 2. HP: 4/20 MP: 2/2
   595 | D:1      | Reached XP level 3. HP: 24/24 MP: 3/3
   623 | D:1      | Found Citrow's Book Boutique.
   709 | D:2      | Found Menol's Assorted Antiques.
   993 | D:1      | Found a faded altar of an unknown god.
  1259 | D:2      | Reached ** piety under Trog
  1260 | D:2      | Reached XP level 4. HP: 28/29 MP: 4/4
  1376 | D:2      | Reached skill level 4 in Maces & Flails
  1488 | D:2      | Identified the +6 whip "Diotok" {vorpal, Dex+2}
  1647 | D:4      | Noticed an orc warrior
  1659 | D:4      | Killed an orc warrior
  1660 | D:4      | Reached XP level 5. HP: 9/34 MP: 5/5
  1668 | D:4      | Reached skill level 5 in Fighting
  1668 | D:4      | Reached XP level 6. HP: 13/40 MP: 6/6
  1869 | D:4      | You fall into a shaft and drop 1 floor!
  1869 | D:5      | Entered Level 5 of the Dungeon
  1963 | D:5      | Reached skill level 5 in Maces & Flails
  2279 | D:4      | Reached XP level 7. HP: 41/44 MP: 7/7
  2631 | D:4      | Found a staircase to the Ecumenical Temple.
  2648 | Temple   | Entered the Ecumenical Temple
  3790 | D:5      | Reached *** piety under Trog
  3815 | D:5      | Noticed a wyvern
  3824 | D:5      | Killed a wyvern
  3825 | D:5      | Reached skill level 6 in Maces & Flails
  4249 | D:5      | Reached skill level 5 in Armour
  4249 | D:5      | Reached XP level 8. HP: 42/52 MP: 8/8
  4328 | D:5      | Found a transporter.
  4333 | D:5      | Found a transporter.
  4333 | D:5      | Noticed bobojojo's ghost (novice MiFi)
  4333 | D:5      | Noticed a shadow
  4376 | D:5      | Found Jerpheyb's Book Shoppe.
  4974 | D:5      | Killed a shadow
  4986 | D:5      | Killed bobojojo's ghost
  4987 | D:5      | Reached skill level 7 in Maces & Flails
  4987 | D:5      | Reached skill level 1 in Stealth
  4987 | D:5      | Reached XP level 9. HP: 57/57 MP: 9/9
  5055 | D:6      | Found a hide-covered altar of Uskayaw.
  5056 | D:6      | Found an iron altar of Okawaru.
  5057 | D:6      | Found a stormy altar of Qazlal.
  5057 | D:6      | Found a shadowy altar of Dithmenos.
  5058 | D:6      | Found a glowing silver altar of Zin.
  5058 | D:6      | Found a broken altar of Ashenzari.
  5134 | D:6      | Identified a scroll of acquirement
  5134 | D:6      | Acquired a manual of Dodging
  5248 | D:6      | Found Xazyfusont's Book Shop.
  5416 | D:6      | Found a radiant altar of Vehumet.
  5444 | D:6      | Reached skill level 8 in Maces & Flails
  5713 | D:6      | Found a runed translucent gate.
  5713 | D:6      | Found a runed translucent gate.
  5713 | D:6      | Found a runed translucent gate.
  5716 | D:6      | Noticed Zankyou's ghost (novice DEFE)
  5716 | D:6      | Noticed lunkers's ghost (novice OpEE)
  5963 | D:6      | Killed lunkers's ghost
  5968 | D:6      | Killed Zankyou's ghost
  5986 | D:6      | Identified the +4 scale mail "Yputiacs" {rC+}
  6212 | D:7      | Found a runed translucent door.
  6213 | D:7      | Noticed Crazy Yiuf
  6255 | D:7      | Reached skill level 9 in Maces & Flails
  6255 | D:7      | Reached XP level 10. HP: 65/65 MP: 10/10
  6262 | D:7      | Reached **** piety under Trog
  6351 | D:7      | Found an ancient bone altar of Kikubaaqudgha.
  6606 | D:7      | Noticed Maggie
  6637 | D:7      | Killed Maggie
  8039 | D:7      | Killed Crazy Yiuf
  8480 | D:8      | Noticed a cyclops
  8480 | D:8      | Noticed a two-headed ogre
  8487 | D:8      | Killed a cyclops
  8488 | D:8      | Reached skill level 10 in Maces & Flails
  8488 | D:8      | Reached skill level 5 in Dodging
  8492 | D:8      | Killed a two-headed ogre
  8519 | D:8      | Slain by a wyvern

Illustrated notes

Levels and vault maps discovered:
D:1:      matt_arrival_spirals, layout_basic, chequers_ecumenical_altar_twisty,
          serial_shops, shop, minmay_splitting_lines
D:2:      layout_rooms, serial_shops, nicolae_shop_hallway_plus
D:3:      layout_rooms
D:4:      layout_rooms, temple_hall, serial_co_window_serial, co_window_paths_b,
          co_window_paths_a, co_window_of_opportunity_a, co_window_paths_a,
          co_window_paths_a, co_window_broadway_b, co_window_paths_c,
          co_window_paths_c, co_window_2corner, co_window_paths_c,
          co_window_paths_c, co_window_cross_3, glass_columns_b,
          glass_columns_a, glass_columns_b, glass_columns_a, glass_columns_c,
          gup_sewer_entry_spiral, chequers_serial_rivers_room_a
D:5:      layout_layer_cave, gammafunk_ghost_arena, serial_shops, shop_statue,
          grunt_decor_arrowhead
D:6:      layout_loops_ring, grunt_temple_overflow_open,
          nicolae_vehumet_radiance, serial_shops, nicolae_shop_advertising_works
          [nicolae_subvault_shop_adworks], gammafunk_ghost_cemetery,
          nrook_campfire
D:7:      layout_layer_cave, nicolae_kikubaaqudgha_miasma_corner,
          serial_bayou_lake_a, uniq_crazy_yiuf_cottage, uniq_maggie
D:8:      minmay_bubble_buster, layout_basic, erik_lair_orcish_takeover,
          blue_anna_alchemist
D:9:      layout_long_grid, trog_wizard, minivault_24, dk_noncrumbling_3,
          nicolae_two_hexagons, grunt_livestock,
          eino_small_chamber_without_monster
Temple:   nicolae_temple_figure_eight

Skill      XL: |  1  2  3  4  5  6  7  8  9 10 |
---------------+-------------------------------+-----
Fighting       | 4 5 6 7 8 9 |  9.7
Maces & Flails | 4 5 6 7 9 10 | 10.2
Armour         | 3 4 5 6 8 9 |  9.2
Dodging        | 2 4 5 |  5.3
Stealth        | 1 2 |  2.1

Action                   |  1- 3 |  4- 6 |  7- 9 | 10-12 || total
-------------------------+-------+-------+-------+-------++-------
Melee: Mace              |   115 |    15 |       |       ||   130
       Punch             |     1 |     1 |     3 |     3 ||     8
       Whip              |       |    61 |   244 |   176 ||   481
Invok: Berserk           |     1 |     2 |     4 |     4 ||    11
       Trog's Hand       |       |     2 |     2 |     4 ||     8
  Use: Scroll            |     4 |     2 |     7 |     1 ||    14
 Stab: Sleeping          |     1 |       |       |       ||     1
Armor: Skin              |     2 |       |       |       ||     2
       Animal skin       |     1 |       |       |       ||     1
       Chain mail        |    90 |    59 |    79 |       ||   228
       Scale mail        |       |       |    13 |    54 ||    67
Dodge: Dodged            |    58 |    21 |    69 |    74 ||   222
Block: Kite shield       |       |       |       |     7 ||     7

Table legend: (Time is in decaauts)
 A = Elapsed time spent in this place.
 B = Non-inter-level travel time spent in this place.
 C = Inter-level travel time spent in this place.
 D = Time resting spent in this place.
 E = Time spent auto-exploring this place.
 F = Levels seen in this place.
 G = Mean time per level.
                   A        B        C        D        E       F      G
               +--------+--------+--------+--------+--------+-----+--------+
         Total |   8580 |   8270 |    310 |   1148 |   5430 |  10 |  858.0 |
       Dungeon |   8360 |   8061 |    299 |   1148 |   5226 |   9 |  928.9 |
        Temple |    219 |    208 |     11 |      0 |    204 |   1 |  219.0 |
               +--------+--------+--------+--------+--------+-----+--------+

Top non-repeatable levels by time:
     D:7: 2154 daAuts
     D:5: 1437 daAuts
     D:4: 1334 daAuts
     D:1: 1024 daAuts
     D:6: 992 daAuts
     D:2: 652 daAuts
     D:3: 432 daAuts
     D:8: 331 daAuts
  Temple: 219 daAuts
     D:9: 1 daAuts
